[Event "European Amateur Chess-ch 2022"]
[Site "Zagreb"]
[Date "2022.08.21"]
[Round "9.4"]
[White "Begic, Domagoj"]
[Black "Babic, Zvonko"]
[Result "0-1"]
[ECO "C01"]
[WhiteElo "2026"]
[BlackElo "2180"]
[Annotator "TA"]
[PlyCount "96"]
[EventDate "2022.08.14"]
[EventCountry "CRO"]
[SourceTitle "playchess.com"]
[Source "ChessBase"]
[SourceQuality "1"]
[TimeControl "40/5400+30:1800+30"]

1. e4 e6 2. d4 d5 3. exd5 exd5 4. Bd3 Nc6 5. c3 Bd6 6. Nf3 Bg4 7. h3 Bh5 {C01: French: Exchange Variation.} 8. Be3 Nge7 9. Nbd2 Qd7 {The position is equal.} 10. Qc2 Bg6 11. O-O-O {[#]} a5 $146 ({Predecessor:} 11... Nf5 12. Rde1 O-O-O 13. Re2 Rde8 14. Rhe1 Re7 15. Kd1 Rhe8 16. Nf1 Nd8 17. Bg5 Rxe2 18. Rxe2 Rxe2 19. Kxe2 {0-1 (40) Ivarsson,T (2185)-Aaberg,A (2365) Tylosand 2016}) 12. g4 a4 13. Nh4 Bxd3 14. Qxd3 b5 15. f4 Na5 16. Nhf3 (16. a3 $11) 16... b4 ({Better is} 16... Nc4 $15) 17. Ne5 $11 Bxe5 18. dxe5 Qc6 19. Kb1 Rb8 (19... bxc3 $11 20. Rc1 (20. Qxc3 Qxc3 21. bxc3 h5 $11) 20... O-O) 20. Rc1 (20. Ba7 $14 Rb7 21. cxb4 (21. Bd4 bxc3 22. Bxc3 Qb5 $14) 21... Rxa7 22. bxa5) 20... bxc3 $1 21. Qxc3 Qxc3 22. Rxc3 Kd7 (22... h5 $11 {remains equal.}) 23. Rhc1 c6 24. Bc5 Ng6 25. Rf1 (25. Ra3 $16) 25... Rb5 $14 26. Kc2 (26. Ba3 $14) 26... h5 $11 27. g5 Rhb8 (27... Nb7 $5 28. Ba3 c5 $11) 28. b3 ({White should try} 28. Bd6 $11 Rxb2+ 29. Kc1) 28... axb3+ 29. axb3 {[#]} Nb7 $1 {Prevents Bd6.} 30. Bg1 (30. Ba3 $15) 30... Rb4 (30... Ra8 $17 31. Rd3 Nc5 32. Bxc5 Rxc5+ 33. Kb2 Rb5) 31. Bh2 Ra8 32. Kb2 Rd4 33. Rf2 (33. Nf3 $11 {keeps the balance.} Re4 34. f5 Re2+ 35. Rc2 Rxc2+ 36. Kxc2) 33... Re8 (33... Ne7 $17 {Threatens to win with ...Nd8.} 34. Nb1 Nf5) 34. Re3 ({White should play} 34. Nf3 $11 Re4 35. f5 Nxe5 36. Nxe5+ (36. Bxe5 R8xe5 37. Nxe5+ Rxe5 $11) 36... R8xe5 37. Bxe5 Rxe5 38. h4) 34... Nd6 $17 35. Kc3 {[#]} (35. Rc3 $17 Nb5 36. Re3) 35... Nf5 $1 $19 36. Ree2 Rb8 37. Re1 Nf8 38. Ra1 Rdb4 39. Ra7+ R8b7 40. Rxb7+ Rxb7 41. Rf1 Ra7 {Against Ra1} 42. Nf3 (42. Kb2 {only move.}) 42... Ra2 {White must now prevent ...Ne6.} 43. Nd2 (43. b4 $142) 43... Ne6 {Hoping for ...d4+.} 44. Rf2 (44. Rf3 $142) 44... Ra1 $2 (44... Nc5 {...d4+ is the strong threat.} 45. Rg2 d4+ 46. Kc4 Ne3+ 47. Kxc5 Nxg2) 45. Rf1 Ra2 (45... Rxf1 46. Nxf1 Nfd4) 46. Rf2 $1 Nc5 {Inhibits Ne4. aiming for ...d4+. Pair of Knights! Black is clearly winning.} 47. Bg1 d4+ 48. Kc4 Rc2+ {Weighted Error Value: White=0.51/Black=0.39} 0-1

[Event "European Amateur Chess-ch 2022"]
[Site "Zagreb"]
[Date "2022.08.21"]
[Round "9.5"]
[White "Starcevic, Ante Leon"]
[Black "Ruzic, Pia Marie"]
[Result "1/2-1/2"]
[ECO "E68"]
[WhiteElo "2152"]
[BlackElo "1996"]
[Annotator "TA"]
[PlyCount "124"]
[EventDate "2022.08.14"]
[EventCountry "CRO"]
[SourceTitle "playchess.com"]
[Source "ChessBase"]
[SourceQuality "1"]
[TimeControl "40/5400+30:1800+30"]

1. Nf3 Nf6 2. g3 g6 3. Bg2 Bg7 4. c4 d6 5. Nc3 e5 6. d4 exd4 7. Nxd4 O-O 8. O-O Nbd7 9. h3 Nc5 10. e4 Ne6 {E68: King's Indian: Fianchetto: 6...Nbd7 7 0-0 e5 8 e4.} 11. Be3 a6 {[#]} 12. Qc2 $146 (12. f4 $14 {was preferrable.}) ({Predecessor:} 12. Qd2 Nxd4 13. Bxd4 Be6 14. b3 Qd7 15. Kh2 h5 16. Nd5 Nh7 17. Bxg7 Kxg7 18. Qd4+ {1-0 (32) Lund,T (2101)-Eriksen,M Kristiansund 2017}) 12... Ng4 $1 $11 13. hxg4 ({Much weaker is} 13. Nxe6 Nxe3 14. fxe3 Bxe6 $17) 13... Nxd4 14. Qd2 Nc6 15. g5 Be6 16. b3 f6 17. Nd5 (17. gxf6 {keeps more tension.} Qxf6 18. Nd5 Qf7 19. Rad1) 17... Bxd5 (17... fxg5 $11 {remains equal.} 18. Bxg5 Qd7) 18. Qxd5+ Kh8 19. Rad1 {White is much more active.} fxg5 20. Bxg5 Qc8 21. c5 dxc5 22. Qxc5 Qg4 23. Qe3 Qh5 {[#]} (23... Rae8 $14) 24. Bf4 {This bishop pair is nice.} (24. Rd5 $1 $16) 24... Ne5 $14 25. Bxe5 Qxe5 26. f4 Qe7 ({Not} 26... Qc3 27. Qxc3 Bxc3 28. e5 $16) 27. e5 c6 28. Rd6 (28. Be4 $16) 28... Rfd8 (28... g5 $11 {is superior.}) 29. Rfd1 {next Qd3 is good for White.} Rxd6 {The position is equal.} 30. Rxd6 {With the idea Qd2.} g5 31. Bh3 gxf4 32. gxf4 Rg8 {[#] Strongly threatening ...Bxe5+.} 33. Kh2 Qh4 {Against Qe1. Hoping for ...Bh6.} 34. f5 Bf8 35. Rd4 Qh5 36. Rd8 {aiming for e6.} Bh6 37. Rxg8+ Kxg8 $11 {[%mdl 4096] Endgame KQB-KQB} 38. Qg3+ Kf8 39. f6 Qe2+ 40. Bg2 Qh5+ 41. Bh3 Qe2+ 42. Bg2 Qh5+ 43. Kg1 Qg5 44. Qxg5 Bxg5 {KB-KB} 45. Kf2 {Against Be3+. Threatens to win with Kf3.} Bf4 $1 46. e6 Be5 47. f7 Bd6 48. Be4 Ke7 49. Bf5 Kf6 50. Bh3 Be7 51. Kf3 Bd6 52. Ke4 Be7 53. Kd4 Bd6 54. Kc3 a5 55. Kd4 Be7 56. Ke4 Bd6 57. Bf5 Be7 58. Bxh7 Kxe6 59. Bg8 Bf8 60. Kd4 Kf6 61. Kc4 Be7 62. a4 Bf8 {Weighted Error Value: White=0.08 (flawless) /Black=0.07 (flawless)} 1/2-1/2

[Event "European Amateur Chess-ch 2022"]
[Site "Zagreb"]
[Date "2022.08.21"]
[Round "9.6"]
[White "Roska, Branislav"]
[Black "Okrosa, Marijan"]
[Result "0-1"]
[ECO "C01"]
[WhiteElo "2153"]
[BlackElo "2059"]
[Annotator "TA"]
[PlyCount "62"]
[EventDate "2022.08.14"]
[EventCountry "CRO"]
[SourceTitle "playchess.com"]
[Source "ChessBase"]
[SourceQuality "1"]
[TimeControl "40/5400+30:1800+30"]

1. e4 e6 2. d4 d5 3. exd5 exd5 4. Bd3 Nc6 5. c3 Bd6 6. h3 Nge7 7. Qc2 {C01: French: Exchange Variation.} Be6 8. Ne2 Qd7 9. Bf4 {The position is equal.} O-O-O 10. Bxd6 Qxd6 11. Nd2 g6 {[#]} 12. Nb3 $146 ({Predecessor:} 12. O-O-O Bf5 13. Nb3 b6 14. g4 Bxd3 15. Qxd3 Kb7 16. f4 h5 17. Nd2 Qd7 18. Qf3 {0-1 (40) Khadzh Khamed,N (2000)-Iakymov,V (2434) Alushta 2008}) 12... Bf5 13. Nc5 Rde8 (13... b6 $5 14. Ba6+ Kb8 $11) 14. O-O h5 (14... b6 $5 15. Ba6+ Kb8 $11) 15. b4 h4 16. Rab1 ({Better is} 16. a4 $14) 16... Bxd3 (16... b6 $11 {was preferrable.}) 17. Qxd3 $14 g5 (17... Nd8 $11) 18. Rb3 (18. Qb5 $6 Nd8 $11) (18. f4 $16) 18... Rhg8 $11 19. Ra3 {Threatens to win with Qb5.} Kb8 $1 (19... b6 $2 20. Qa6+ Kd8 21. Nb7+ Kd7 22. Nxd6 $18) 20. f3 (20. Qb5 $11 Nd8 21. Qd7) 20... f5 (20... Nc8 $17 {And now ...Nb6 would win.} 21. Rf2 (21. Qb5 Nb6 $17) (21. Nxb7 $2 Kxb7 22. Nc1 Ka8 $19) 21... Nb6) 21. Qb5 Nd8 (21... b6 $2 22. Qa6 $1 Qxc5 23. dxc5 $18) 22. Nc1 (22. Nd7+ $15 Kc8 23. Ne5 (23. Rxa7 $2 Nec6 $19)) 22... Nc8 (22... g4 $17 {White must now prevent ...gxh3.} 23. hxg4 fxg4 24. fxg4 Nec6) 23. N1d3 ({White should try} 23. Nd7+ $15 Ka8 24. Ne5) 23... g4 $2 ({Black should play} 23... c6 $17 24. Qa4 Re7) 24. Nxb7 $1 $40 {[%mdl 128] White is up to no good.} Nxb7 (24... Qc6 $1 $14 25. Qxc6 Nxc6) 25. Nc5 $18 Nb6 {[#]} 26. Rxa7 $1 gxh3 $2 {[#]} (26... Nxc5 $18 27. bxc5 gxf3 28. cxd6 Rxg2+ 29. Kh1 Ree2 30. dxc7+ (30. Rxc7 $2 {is a self mate.} Rh2+ 31. Kg1 Reg2#) 30... Kxa7 31. c8=N+ (31. Rxf3 Rh2+ 32. Kg1 Reg2+ 33. Kf1 Rxa2 $11) 31... Nxc8 32. Qd7+ (32. Qxd5 $2 {gets mated.} Rh2+ 33. Kg1 Reg2#) 32... Kb8 33. Rb1+ Rb2 34. Rxb2+ Rxb2 35. Qxf5 f2 36. Qe5+ Ka7) 27. Rxb7+ $4 (27. Ra8+ $1 {[%mdl 512] was the only winning move.} Kxa8 28. Qa6+ Kb8 29. Qxb7#) 27... Kc8 {[%cal Bb8c8,Bc8c7,Bc7c8][%mdl 32] Black mates.} 28. f4 Rxg2+ 29. Kh1 Ree2 30. Rxc7+ Kxc7 31. Na6+ Kc8 {Weighted Error Value: White=0.45/Black=0.74} 0-1

[Event "European Amateur Chess-ch 2022"]
[Site "Zagreb"]
[Date "2022.08.21"]
[Round "9.7"]
[White "Gal, Andrej"]
[Black "Janiszewski, Maciej"]
[Result "1-0"]
[ECO "A57"]
[WhiteElo "1878"]
[BlackElo "2075"]
[Annotator "NA RC"]
[PlyCount "105"]
[EventDate "2022.08.14"]
[EventCountry "CRO"]
[SourceTitle "playchess.com"]
[Source "ChessBase"]
[SourceQuality "1"]
[TimeControl "40/5400+30:1800+30"]

1. d4 Nf6 2. c4 c5 3. d5 b5 4. cxb5 a6 5. b6 e6 6. Nc3 Nxd5 7. Nxd5 exd5 8. Qxd5 Nc6 9. Nf3 Be7 10. Ne5 O-O 11. Nxc6 dxc6 12. Qxd8 Rxd8 {[#]} (12... Bxd8 $14 13. e4 Bxb6) 13. e3 (13. Bf4 $1 $16) 13... Rb8 (13... Be6 $11) 14. Bd2 Rxb6 15. b3 Rb8 16. Bc4 Be6 17. Rc1 Bxc4 18. Rxc4 Rd5 19. Ke2 Rbd8 20. Ba5 R8d6 21. Rhc1 Rd7 22. Be1 f5 23. Ra4 Ra7 24. Rcc4 Kf7 25. Ra5 Rd8 26. Bc3 g6 27. Rca4 Rda8 28. Bb2 Rb7 29. Ba3 Rb6 30. Bxc5 Bxc5 31. Rxc5 Ke6 32. Rd4 a5 33. f4 Ra7 34. Kd3 Kf6 35. Rd6+ Kg7 36. Rdxc6 Rd7+ 37. Kc2 Rb4 38. Rc7 Rxc7 39. Rxc7+ Kh6 40. h3 a4 41. g4 fxg4 42. hxg4 axb3+ 43. axb3 g5 44. Rc4 Rb5 45. b4 gxf4 46. exf4 Rb6 47. Kc3 Kg6 48. Re4 h5 $18 49. gxh5+ Kxh5 50. Kc4 Kg4 51. Kc5 Rb8 52. b5 Kf5 53. Rd4 1-0

[Event "European Amateur Chess-ch 2022"]
[Site "Zagreb"]
[Date "2022.08.21"]
[Round "9.8"]
[White "Vucenovic, Damian"]
[Black "Franc, Borna"]
[Result "1/2-1/2"]
[ECO "B01"]
[WhiteElo "2053"]
[BlackElo "2020"]
[Annotator "NA RC"]
[PlyCount "148"]
[EventDate "2022.08.14"]
[EventCountry "CRO"]
[SourceTitle "playchess.com"]
[Source "ChessBase"]
[SourceQuality "1"]
[TimeControl "40/5400+30:1800+30"]

1. e4 d5 2. exd5 Nf6 3. d4 Bg4 4. f3 Bc8 5. Bd3 Qxd5 6. Ne2 e6 7. O-O c6 8. Bf4 Qd8 9. c4 Bd6 10. Bxd6 Qxd6 11. Nbc3 O-O 12. Qc2 e5 13. d5 Na6 14. Ng3 Nb4 15. Qd2 cxd5 16. Bf5 Qc5+ 17. Kh1 Qxc4 18. Bxc8 Qxc8 19. a3 Nc6 20. Nxd5 Nxd5 21. Qxd5 Qd8 22. Qb3 Qb6 23. Qc3 Rae8 24. Rad1 Nd4 25. Rfe1 Re6 26. b4 Rfe8 27. Qc4 Qa6 28. Qxa6 bxa6 29. Rc1 f6 30. Kg1 R6e7 31. Ne4 Rd8 32. Kf2 Rb7 33. Nc5 Rb6 34. Na4 Rbd6 35. Nc5 Rc8 36. Ne4 Rdc6 37. Rc5 Rxc5 38. Nxc5 a5 39. Rc1 axb4 40. axb4 Ne6 41. Ra1 Nxc5 42. bxc5 Rxc5 43. Rxa7 Rc2+ 44. Kg3 h5 45. h4 Kh7 46. Re7 Kh6 47. Re6 Kg6 48. Re7 Re2 49. Ra7 f5 (49... Re1 $17) 50. Ra6+ Kh7 51. Re6 Kg8 52. Re7 Kh7 53. Rf7 Kg6 54. Re7 Kf6 55. Ra7 f4+ 56. Kh3 $11 Re3 57. Kh2 Re2 (57... Rb3 $15) 58. Ra8 Kf7 59. Ra7+ Kg6 60. Kh3 Re1 61. Kh2 e4 ({Black should play} 61... Rf1 $15) 62. fxe4 Rxe4 63. Ra5 Re2 64. Kh3 Re3+ 65. Kh2 Rg3 66. Rb5 Kh6 67. Rb6+ g6 68. Ra6 Kg7 $11 69. Rb6 Rg4 70. Kh3 Rg3+ 71. Kh2 g5 72. hxg5 Rxg5 73. Ra6 Rg6 74. Ra5 Kh6 1/2-1/2

[Event "European Amateur Chess-ch 2022"]
[Site "Zagreb"]
[Date "2022.08.21"]
[Round "9.9"]
[White "Grgantov, Marin"]
[Black "Tomic, Stjepan"]
[Result "0-1"]
[ECO "B12"]
[WhiteElo "2048"]
[BlackElo "1990"]
[Annotator "TA"]
[PlyCount "68"]
[EventDate "2022.08.14"]
[EventCountry "CRO"]
[SourceTitle "playchess.com"]
[Source "ChessBase"]
[SourceQuality "1"]
[TimeControl "40/5400+30:1800+30"]

1. e4 c6 2. d4 d5 3. e5 Bf5 4. h4 h6 5. g4 Be4 6. f3 Bh7 7. e6 Qd6 8. exf7+ $1 {B12: Caro-Kann: Advance Variation.} Kxf7 9. Bd3 e5 10. Bxh7 {The position is equal.} Rxh7 11. Ne2 Nd7 12. Nbc3 Ngf6 (12... Re8 $5 ) 13. Qd3 (13. h5 $11 {keeps the balance.}) 13... Re8 (13... c5 $17 14. Rg1 exd4) 14. Be3 $11 exd4 15. Bxd4 Ne5 16. Bxe5 Qxe5 17. O-O-O Qe3+ 18. Qxe3 Rxe3 {[#]} 19. Rhf1 $146 ({Predecessor:} 19. Rdf1 Bb4 20. a3 Ba5 21. Kd2 Re7 22. Nd4 Rh8 23. b4 Bc7 24. Nf5 Re6 25. Re1 {0-1 (63) Jovanovic,Z (2533)-Zelcic,R (2500) Valpovo 2017}) 19... Bb4 20. Kd2 Re7 21. a3 Bc5 22. b4 Be3+ 23. Kd3 Rh8 24. Ng3 {Threatens to win with Nf5.} Rhe8 25. Nf5 Re6 26. Rde1 Bf4 27. Rxe6 Rxe6 28. Ne2 Bc7 29. Ned4 Re8 30. c4 dxc4+ 31. Kxc4 Nd5 {[%cal Oe8e3] Hoping for ...Re3!} 32. h5 $2 {[#]} (32. Rf2 $11 {and White has nothing to worry.}) 32... Ne3+ $2 (32... Re3 $1 $19 33. Nb5 {[#]} Be5 $1 34. Nxe3 Nxe3+ 35. Kc5 Nxf1 36. Nxa7 Bc7) 33. Nxe3 Rxe3 34. Nc2 $2 (34. b5 $11) 34... b5+ {Weighted Error Value: White=0.54/Black=0.23 (precise)} 0-1

[Event "European Amateur Chess-ch 2022"]
[Site "Zagreb"]
[Date "2022.08.21"]
[Round "9.10"]
[White "Buchcar, Tomas"]
[Black "Faukovic, Matija"]
[Result "1-0"]
[ECO "A09"]
[WhiteElo "2208"]
[BlackElo "2026"]
[Annotator "TA"]
[PlyCount "81"]
[EventDate "2022.08.14"]
[EventCountry "CRO"]
[SourceTitle "playchess.com"]
[Source "ChessBase"]
[SourceQuality "1"]
[TimeControl "40/5400+30:1800+30"]

1. Nf3 d5 2. c4 d4 3. g3 Nc6 4. Bg2 e5 5. d3 Bb4+ 6. Nfd2 {A09: Réti Opening: 1 Nf3 d5 2 c4.} a5 7. O-O Nf6 8. Nf3 {Black is slightly better.} O-O 9. Na3 {[#]} Re8 $146 ({Predecessor:} 9... h6 10. Nb5 Bf5 11. Rb1 Re8 12. a3 Bf8 13. b3 Qd7 14. Bb2 Rad8 15. Rc1 b6 {½-½ (22) Mogranzini,R (2486)-Brunello,S (2542) Chianciano Terme 2018}) 10. Nc2 Bf8 11. h3 ({White should try} 11. b3 $15) 11... Rb8 (11... h6 $17) 12. e4 (12. b3 $11 {keeps the balance.}) 12... b5 $17 13. cxb5 Rxb5 14. Nd2 Ba6 15. Nc4 Rc5 (15... Nd7 $17) 16. b3 Na7 17. Qd2 Nb5 18. a4 Nd6 19. Ba3 Bxc4 20. bxc4 Rc6 21. Qxa5 Nb7 22. Qd2 Bxa3 23. Rxa3 Ra6 24. Rb1 Nc5 25. a5 Qa8 {[#]} ({Better is} 25... Qd6 $14) 26. Bf1 (26. Nxd4 $1 $16 {[%mdl 512] aiming for Nc2.} exd4 27. e5) 26... Nfd7 27. Be2 g6 28. Bg4 Rb8 (28... Ra7 $142) 29. Rb5 Rd6 {Loses the game.} (29... Ra7 $16) 30. Bxd7 Nxd7 31. Qb4 {[%cal Oa5a6] And now a6! would win.} Rf8 32. Rd5 c5 (32... Rb8 {might work better.} 33. Rb5 (33. Rxd6 $2 Rxb4 34. Rxd7 Rb1+ 35. Kg2 f5 $19) 33... Rc8) 33. Qa4 Qa6 34. Qb5 Qxb5 35. cxb5 {White is clearly winning.} Rxd5 36. exd5 $18 {KRN-KRN} Ra8 37. a6 Ra7 38. Ra5 Nb6 39. Na3 {Threatens to win with d6.} e4 40. Nc4 Nxd5 41. dxe4 {Weighted Error Value: White=0.13 (very precise) /Black=0.35} 1-0

[Event "European Amateur Chess-ch 2022"]
[Site "Zagreb"]
[Date "2022.08.21"]
[Round "9.11"]
[White "Denic, Marin"]
[Black "Maravic, Ivan"]
[Result "1/2-1/2"]
[ECO "C55"]
[WhiteElo "2190"]
[BlackElo "2009"]
[Annotator "TA"]
[PlyCount "62"]
[EventDate "2022.08.14"]
[EventCountry "CRO"]
[SourceTitle "playchess.com"]
[Source "ChessBase"]
[SourceQuality "1"]
[TimeControl "40/5400+30:1800+30"]

1. e4 e5 2. Nf3 Nc6 3. Bc4 Nf6 4. d3 Be7 5. O-O O-O 6. Nc3 d6 7. a4 $1 {[%mdl 4] 7.a4 is setting a new trend. C55: Two Knights: 4 d3, 4 d4 exd4 5 e5 and Max Lange Attack.} Na5 8. Ba2 c5 9. Bg5 {White has an edge.} Nc6 10. Bxf6 Bxf6 11. Nd5 Be6 {[#]} 12. c3 $146 ({Predecessor:} 12. Qd2 Rb8 13. c3 h6 14. b4 cxb4 15. cxb4 Bg5 16. Nxg5 Qxg5 17. f4 exf4 18. Rxf4 {0-1 (41) Ciocani,I (1954)-Secheres,A (2360) Arad 2022}) 12... g6 13. Nd2 Bg7 14. Qc2 Qd7 15. Rfe1 Rad8 16. Nf1 Kh8 17. Nfe3 f6 18. b4 cxb4 19. Nxb4 Ne7 (19... f5 $11) 20. Bxe6 $14 Qxe6 21. Ned5 Nc6 22. a5 a6 (22... f5 $14) 23. Reb1 (23. Nxc6 $16 bxc6 24. Nb4) 23... Na7 24. Qb2 {Strongly threatening Nc7.} Rf7 {Prevents Nc7.} 25. Nc2 {Pair of Knights!} Nc6 26. Qb6 Rdd7 27. Ra4 f5 28. Rc4 {0x0.002361137d02dp-1022s more active pieces.} ({Better is} 28. Ncb4 $14 Nd8 29. Ra2) 28... Bf6 29. Nxf6 Rxf6 30. Nb4 {Inhibits d5.} Nxb4 31. Rcxb4 Rff7 {Weighted Error Value: White=0.10 (very precise) /Black=0.11 (very precise)} 1/2-1/2

[Event "European Amateur Chess-ch 2022"]
[Site "Zagreb"]
[Date "2022.08.21"]
[Round "9.12"]
[White "Jonsson, Gauti Pall"]
[Black "Vanden Bussche, Steven"]
[Result "0-1"]
[ECO "D94"]
[WhiteElo "2071"]
[BlackElo "2026"]
[Annotator "TA"]
[PlyCount "60"]
[EventDate "2022.08.14"]
[EventCountry "CRO"]
[SourceTitle "playchess.com"]
[Source "ChessBase"]
[SourceQuality "1"]
[TimeControl "40/5400+30:1800+30"]

1. Nf3 c6 2. c4 d5 3. e3 Nf6 4. Nc3 g6 5. d4 Bg7 6. cxd5 cxd5 7. Be2 Nc6 8. O-O O-O {[#]} 9. Na4 $146 {D94: Grünfeld: 4 Nf3 Bg7 5 e3.} ({Predecessor:} 9. b3 Ne4 10. Bb2 Nxc3 11. Bxc3 Qd6 12. Qd2 Bg4 13. b4 Bxf3 14. Bxf3 e6 15. b5 Ne7 16. Bb4 Qd7 {½-½ (29) Moroni,L (2575)-Topalov,V (2730) Cap d'Agde 2021}) 9... Ne4 10. Bd2 Qd6 11. Rc1 {The position is equal.} b6 12. Bb5 Bb7 13. Qe2 Rfc8 14. a3 Nxd2 15. Qxd2 Na5 16. Rxc8+ Rxc8 17. Nc3 Nc4 18. Bxc4 dxc4 19. e4 Qd7 20. Qe3 b5 21. Rd1 {[#]} (21. d5 $11) 21... a5 $1 $17 22. Ne5 Qe8 (22... Qd8 $5 23. f4 b4 $17) 23. Nd5 $2 {Against b4} ({White should try} 23. Rc1 $15) 23... Bxd5 $2 ({Better is} 23... e6 $19 24. Nf4 b4 25. axb4 axb4) 24. exd5 $15 Rd8 (24... Bf6 $15) 25. Nc6 $11 Rd7 26. Re1 (26. b3 $5 ) 26... Bf6 27. Qf3 (27. Qe4 $15 {should be considered.}) 27... Rd6 $17 28. Nxa5 $2 (28. b3 $17) 28... Qd7 $19 29. b3 Bxd4 {[#] White must now prevent ...Rf6.} ({But not} 29... Rxd5 $2 30. bxc4 Rf5 31. Qd3 (31. Qa8+ $2 Kg7 $19)) 30. bxc4 $2 ({Avoid the trap} 30. Nc6 $2 Rf6 31. Nxd4 Rxf3 32. gxf3 Qxd5 33. bxc4 Qxd4 $19) (30. Rf1) 30... Rf6 {[%mdl 64] Skewer, Deflection.  Weighted Error Value: White=0.60/Black=0.13 (very precise)} 0-1

[Event "European Amateur Chess-ch 2022"]
[Site "Zagreb"]
[Date "2022.08.21"]
[Round "9.13"]
[White "Basaric, Srdjan"]
[Black "Dzaja, Martin Zorislav"]
[Result "1-0"]
[ECO "D01"]
[WhiteElo "2024"]
[BlackElo "1974"]
[Annotator "NA RC"]
[PlyCount "77"]
[EventDate "2022.08.14"]
[EventCountry "CRO"]
[SourceTitle "playchess.com"]
[Source "ChessBase"]
[SourceQuality "1"]
[TimeControl "40/5400+30:1800+30"]

1. d4 d5 2. Nc3 Nf6 3. Bg5 Nbd7 4. Nf3 h6 5. Bh4 c6 6. e3 g5 7. Bg3 Nh5 8. Bd3 Nxg3 9. hxg3 Bg7 10. Qe2 e5 11. Bf5 e4 12. Nd2 Nf6 13. Bxc8 Qxc8 14. f3 Qe6 15. O-O-O O-O 16. f4 gxf4 17. gxf4 Ng4 18. Rdf1 f5 19. Nd1 Rf6 20. Nf2 Rg6 21. Nxg4 Rxg4 22. Rh2 Qg6 23. Rfh1 b6 24. Nf1 c5 25. c3 c4 26. g3 b5 27. Rh4 Rxh4 28. Rxh4 a5 29. g4 fxg4 30. Rxg4 Qb6 31. Qg2 Qb7 32. Ng3 Qf7 33. f5 Ra7 34. Rg6 b4 35. Nh5 Qf8 36. f6 bxc3 37. fxg7 cxb2+ 38. Kb1 Rxg7 39. Nxg7 1-0

[Event "European Amateur Chess-ch 2022"]
[Site "Zagreb"]
[Date "2022.08.21"]
[Round "9.14"]
[White "Baric, Marko"]
[Black "Kanizaj, Benjamin"]
[Result "1-0"]
[ECO "B52"]
[WhiteElo "1948"]
[BlackElo "2050"]
[Annotator "NA RC"]
[PlyCount "77"]
[EventDate "2022.08.14"]
[EventCountry "CRO"]
[SourceTitle "playchess.com"]
[Source "ChessBase"]
[SourceQuality "1"]
[TimeControl "40/5400+30:1800+30"]

1. e4 c5 2. Nf3 d6 3. Bb5+ Bd7 4. Bxd7+ Qxd7 5. O-O Nf6 6. Qe2 Nc6 7. Rd1 e6 8. d4 cxd4 9. Nxd4 Be7 10. c4 O-O 11. Nc3 a6 {has lost popularity (11...Rac8).} 12. b3 Rfd8 13. Nxc6 Qxc6 14. Bb2 Rac8 {[#]} 15. Rd4 $146 ({Predecessor:} 15. f4 Nd7 16. Rd2 Bf6 17. Rad1 Nc5 18. e5 dxe5 19. fxe5 Rxd2 20. Rxd2 Be7 21. Kh1 {0-1 (32) Dostal,S (1753)-Desmarais,S ICCF email 2015}) 15... Ne8 16. a4 Bf6 17. Rd3 Qb6 18. Qc2 Qc6 19. Rad1 Bxc3 20. Rxc3 Nf6 21. f3 Nd7 22. Kh1 a5 23. Qd2 Nc5 24. Ba3 Qb6 25. Bxc5 Qxc5 26. Rd3 Rc6 27. h3 h6 28. f4 f6 29. f5 Qe5 30. fxe6 Qxe6 31. Qxa5 Re8 32. Qd5 Kf8 33. Kg1 $16 Qe7 34. Qf5 Qf7 35. Rxd6 g6 36. Qf4 Re5 37. Qxh6+ Kg8 38. Rd8+ Re8 39. R1d7 1-0

[Event "European Amateur Chess-ch 2022"]
[Site "Zagreb"]
[Date "2022.08.21"]
[Round "9.15"]
[White "Prihoda, Leonardo"]
[Black "Colev, Ivor"]
[Result "1-0"]
[ECO "A83"]
[WhiteElo "1995"]
[BlackElo "1950"]
[Annotator "TA"]
[PlyCount "59"]
[EventDate "2022.08.14"]
[EventCountry "CRO"]
[SourceTitle "playchess.com"]
[Source "ChessBase"]
[SourceQuality "1"]
[TimeControl "40/5400+30:1800+30"]

1. d4 f5 2. e4 fxe4 3. Nc3 Nf6 4. Bg5 Nc6 5. d5 Ne5 6. Qe2 c6 {A83: Dutch Defence: Staunton Gambit with 3 Nc3 Nf6 4 Bg5.} (6... Nf7 $5 7. Bxf6 exf6 $11) 7. Bxf6 (7. f4 $5 Nf7 8. Bxf6 gxf6 9. Qxe4 $11) 7... gxf6 8. O-O-O Bh6+ {The position is equal.} 9. Kb1 O-O {[#]} 10. Qh5 $146 (10. Qxe4 $14 {is superior.} cxd5 11. Qh4) ({Predecessor:} 10. Qxe4 Qb6 11. f4 Ng6 12. Bc4 Kh8 13. Nge2 f5 14. Qf3 cxd5 15. Nxd5 Qc5 16. Bb3 {1-0 (31) Rios,C (2445)-Linares Napoles,O (2241) Havana 2018}) 10... Bg7 $11 {next ...f5 is good for Black.} 11. f4 exf3 12. Nxf3 Qe8 13. Qh4 {Strongly threatening Nxe5.} Nxf3 (13... d6 $15) 14. gxf3 f5 ({Not} 14... Qg6 15. dxc6 dxc6 16. Rg1 $1 $16) 15. Rg1 {Threatens to win with Bc4.} Kh8 16. Bc4 {[%cal Og1g7] Rxg7! is the strong threat.} Bxc3 (16... b5 $14 17. Bb3 (17. Rxg7 Kxg7 18. dxc6 bxc4 $11) 17... Bb7) 17. bxc3 $18 {Rde1 would kill now.} cxd5 18. Bxd5 (18. Rde1 $142 e5 19. Qh6 $1 Rf7 20. Bxd5 b6 21. Bxf7 Qxf7 22. Qd6 Qg7 23. Rxg7 Kxg7 24. Qe7+ Kh6 25. Rg1 Kh5 26. Qxh7#) 18... e6 19. Rde1 Qf7 {[#]} 20. Qh6 $2 (20. Rg5 $1 $18 {[%cal Oe1g1] and the rest is easy. Intending Reg1! and mate.} d6 (20... f4 21. Be4) 21. Reg1 $1) 20... Qf6 {[#]} (20... exd5 {is a self mate.} 21. Qd6) (20... Rg8 $16) 21. Rg6 $3 $40 {[%mdl 640] White attacks with force.} Qxg6 22. Qxf8+ Qg8 23. Qc5 {Hoping for Rg1.} h6 (23... Qg7 $142 24. f4 Qf6) 24. Rg1 $1 Qf7 {[#]} 25. h4 $2 exd5 {[%mdl 8192] [#]} (25... Kh7 $16) 26. Qd6 $1 {White is clearly winning.} Kh7 {[#]} 27. Re1 $1 Qe6 28. Rxe6 dxe6 29. h5 b5 30. Qc6 {[%csl LRa8,LRb5] Weighted Error Value: White=0.43/Black=1.24} 1-0